 Dungeon Crawl Stone Soup version 0.27.0-1-g7a089689b8 (webtiles) character file.

Game seed: 10065320317881026962

182 mandarbmax the Magician (level 5, -1/40 HPs)
             Began as a Djinni Summoner on Aug 7, 2021.
             Blown up by Ijyb (27 damage)
             ... with a mindburst bolt
             ... on level 3 of the Dungeon.
             The game lasted 00:08:19 (7397 turns).

mandarbmax the Magician (Djinni Summoner)           Turns: 7397, Time: 00:08:20

Health: -1/40      AC:  2    Str:  7    XL:     5   Next: 93%
Gold:   99         EV: 12    Int: 18    God:
                   SH:  0    Dex: 13

rFire    + + .     SeeInvis .   m - staff of earth
rCold    x . .     Faith    .   (no shield)
rNeg     . . .     Spirit   .   a - +0 robe
rPois    ∞         Reflect  .   (no helmet)
rElec    .         Harm     .   (no cloak)
rCorr    .         Rampage  .   (no gloves)
Will     .....                  (boots unavailable)
Stlth    ++........             (no amulet)
HPRegen  0.13/turn              (no ring)
MPRegen  0.00/turn              (no ring)

@: flying
A: sickness immunity, fire resistance 2, cold vulnerability 1, float, innate
caster, hp casting, extra vitality 1
a: no special abilities


You were on level 3 of the Dungeon.
You visited 1 branch of the dungeon, and saw 5 of its levels.

You collected 196 gold pieces.
You spent 97 gold pieces at shops.

Inventory:

Hand Weapons
 j - a +1 dagger of venom
Armour
 a - a +0 robe (worn)
 o - a +1 cloak
Magical Staves
 m - a staff of earth (weapon)
Jewellery
 k - a +6 ring of dexterity
 n - a ring of resist corrosion
Wands
 l - a wand of iceblast (14)
Scrolls
 b - 3 scrolls of identify {unknown}
 c - a scroll of noise {unknown}
 g - a scroll of enchant armour {unknown}
 h - a scroll of blinking
 i - a scroll of torment {unknown}
 p - a scroll of vulnerability {unknown}
Potions
 d - 2 potions of curing {unknown}
 e - a potion of mutation {unknown}
 f - a potion of heal wounds {unknown}
 q - a potion of degeneration {unknown}


   Skills:
 + Level 3.4 Fighting
 - Level 2.1 Dodging
 - Level 2.0 Stealth
 + Level 4.2 Spellcasting


You couldn't memorise any spells.
You knew the following spells:

 Your Spells              Type           Power      Damage    Failure   Level
a - Summon Small Mammal   Summ           76%        N/A       2%          1
b - Call Imp              Summ           19%        N/A       3%          2
c - Call Canine Familiar  Summ           19%        N/A       8%          3
d - Summon Guardian Gole  Hex/Summ       19%        N/A       8%          3
e - Summon Lightning Spi  Summ/Air       19%        N/A       24%         4
f - Sandblast             Erth           56%        2d13      2%          1
g - Blink                 Tloc           N/A        N/A       3%          2
Your spell library was empty.

Dungeon Overview and Level Annotations

Branches:
Dungeon (5/15)
 Temple: D:4-7

Altars:

Shops:
D:1 ?   D:2 *

Annotations:
D:3 Ijyb


Innate Abilities, Weirdness & Mutations

You are immune to sickness and miasma.
You are immune to poison.
Your flesh is very heat resistant. (rF++)
You are vulnerable to cold. (rC-)
You float through the air rather than walking.
You learn spells naturally, not from books.
Your magical power is your life essence.
You have superior vitality. (+4 HP)


Message History

You hit the quokka.
The quokka is almost dead.
The quokka bites you but does no damage.
You closely miss the quokka.
The quokka is severely wounded.
The quokka closely misses you.
You hit the quokka.
The quokka is almost dead.
The quokka bites you but does no damage.
The quokka misses you.
You hit the quokka.
You kill the quokka!
No target in view!
No target in view!
Ijyb is nearby!
Ijyb is nearby!
Ijyb is nearby!
Ijyb is nearby!
What are your orders? t - Shout!
Orders for allies: a - Attack new target. r - Retreat! s - Stop attacking. g - Guard the area. f - Follow me.
Anything else - Cancel.
Gang up on whom?
Press: ? - help, Dir - move target, f - Ijyb
Aim: Ijyb, wielding a +0 club, wearing a +0 ring mail and carrying a wand of mindburst (15) Attack!
Casting: Call Canine Familiar (dangerous; 8% risk of failure)
Confirm with . or Enter, or press ? or * to list all spells.
A beastly little devil appears in a puff of frigid air.
Ijyb zaps a wand.
Your hound's mind is blasted!
Unknown command.
Casting: Call Imp (safe; 3% risk of failure)
Confirm with . or Enter, or press ? or * to list all spells.
A beastly little devil appears in a puff of flame.
Your hound disappears in a puff of smoke!
Ijyb zaps a wand.
Your mind is blasted!
Ouch! That really hurt!
You die...

.#.g#.# ######..#.## S##...####
##...# . ##Sh...# #..##### .
#.###..# #......### . ##.# ..
####........#### . #hg# #.#
####.....##........ # #g##
#...#..h.###.##........ ###.##
###..5#### #.##........ #....#
#.g§..@5# #.##...(....
#.g..######.#####......##........
........... ###..###........
#....###### ## #........ #....#
#........ #....# #........ #....#
######### #..<.# #....#


You could see Ijyb (ally target), a friendly crimson imp (summoned) and a
friendly white imp (summoned).

Vanquished Creatures
  A bullfrog skeleton (D:5)
  2 orc wizards (D:4)
  3 adders
  2 dart slugs (D:1)
  2 bats (D:1)
  3 endoplasms
  3 giant cockroaches
  3 goblins
  2 hobgoblins
  A jackal (D:4)
  3 kobolds
  A quokka (D:3)
  2 ball pythons
  3 rats
31 creatures vanquished.

Vanquished Creatures (collateral kills)
  A hound (D:4)
  2 gnolls (D:2)
  An adder (D:2)
  A worm (D:2)
  3 orcs (D:4)
  2 bats (D:1)
  An endoplasm (D:1)
  4 goblins
  8 hobgoblins
  3 jackals
  2 quokkas
  4 ball pythons (D:2)
  2 frilled lizards
  3 kobolds
  A rat (D:1)
38 creatures vanquished.

Vanquished Creatures (others)
  2 fungi (D:1)
  2 plants (D:1)
4 creatures vanquished.

Grand Total: 73 creatures vanquished

Notes
Turn   | Place    | Note
-------+----------+-------------------------------------------
     0 | D:1      | mandarbmax the Djinni Summoner began the quest for the Orb.
     0 | D:1      | Reached XP level 1. HP: 15/15 MP: 0/0
   974 | D:1      | Reached XP level 2. HP: 19/22 MP: 0/0
  1343 | D:1      | Reached skill level 1 in Fighting
  1356 | D:1      | Found a faded altar of an unknown god.
  1380 | D:1      | Found Zanarpho's Magic Scroll Shop.
  1972 | D:1      | Reached XP level 3. HP: 23/27 MP: 0/0
  1972 | D:1      | Learned a level 1 spell: Sandblast
  2763 | D:2      | Found Bekecioph's Assorted Antiques.
  2939 | D:1      | Bought a scroll of blinking for 97 gold pieces
  4972 | D:2      | Reached XP level 4. HP: 33/33 MP: 0/0
  5065 | D:2      | You are sucked into a shaft and drop 1 floor!
  5244 | D:3      | You are sucked into a shaft and drop 2 floors!
  5244 | D:5      | Entered Level 5 of the Dungeon
  5290 | D:4      | Reached XP level 5. HP: 24/39 MP: 0/0
  5290 | D:4      | Learned a level 2 spell: Blink
  5424 | D:4      | Reached skill level 4 in Spellcasting
  6306 | D:3      | Noticed Ijyb
  7397 | D:3      | Blown up by Ijyb

Illustrated notes

Levels and vault maps discovered:
D:1:      kilobyte_arrival_exit_the_forest, layout_loops_corners, serial_shops,
          shop_coins, shapermc_ecumenical_altar_gd
D:2:      layout_basic, serial_shops,
          nicolae_shop_temple_entry_statues_fountains
D:3:      layout_rooms, uniq_robin, uniq_ijyb
D:4:      layout_loops_corners
D:5:      layout_gridville, serial_shops, kennysheep_mini_moat

Skill      XL: |  1  2  3  4  5 |
---------------+----------------+-----
Fighting       | 1 2 3 |  3.4
Stealth        | 2 |  2.0
Spellcasting   | 4 |  4.2
Dodging        | |  2.1

Action                   |  1- 3 |  4- 6 || total
-------------------------+-------+-------++-------
Melee: Unarmed           |    43 |       ||    43
       Dagger            |    87 |    42 ||   129
       Staff             |       |    45 ||    45
 Cast: Summon Small Mamm |    62 |     2 ||    64
       Call Imp          |    12 |    19 ||    31
       Call Canine Famil |     5 |    10 ||    15
 Stab: Sleeping          |     5 |     2 ||     7
Armor: Robe              |    16 |    20 ||    36
Dodge: Dodged            |    75 |    67 ||   142
